ITL
DETROIT X-WINGS @ HAVANA ROLLERS
04/29/2026
 
TOP OF THE 1ST
Detroit X-Wings batting - Pitching for Havana Rollers : RHP Suezo Morimoto
Pitching: RHP Suezo Morimoto
Batting: SHB Jaime Montés 0-0: Ball
1-0: Foul Ball, location: 2F
1-1: Fly out, F7 (Flyball, 7M)
Batting: SHB Felipe Detorres 0-0: Swinging Strike
0-1: Swinging Strike
0-2: Ball
1-2: Strikes out swinging
Batting: LHB Juan Jose Pineda 0-0: Ground out 6-3 (Groundball, 6)
Top of the 1st over - 0 run(s), 0 hit(s), 0 error(s), 0 left on base; Detroit 0 - Havana 0
BOTTOM OF THE 1ST
Havana Rollers batting - Pitching for Detroit X-Wings : RHP David Escobido
Pitching: RHP David Escobido
Batting: LHB Jimmy Husted 0-0: Ball
1-0: Ground out 4-3 (Groundball, 4M)
Batting: RHB Ed Sims 0-0: Ball
1-0: Ball
2-0: Ball
3-0: Base on Balls
Batting: LHB Enrique Cortéz 0-0: Ball
1-0: Ball
2-0: Called Strike
2-1: Swinging Strike
2-2: Strikes out looking
Batting: SHB Chris Bennis 0-0: Ball
1-0: Ball
2-0: Called Strike
2-1: Called Strike
2-2: Ball
3-2: Base on Balls
Ed Sims to second
Batting: RHB Salvador Borbón 0-0: Called Strike
0-1: Ball
1-1: Ground out 6-3 (Groundball, 6)
Bottom of the 1st over - 0 run(s), 0 hit(s), 0 error(s), 2 left on base; Detroit 0 - Havana 0
TOP OF THE 2ND
Detroit X-Wings batting - Pitching for Havana Rollers : RHP Suezo Morimoto
Batting: SHB Javier Jiménez 0-0: Ball
1-0: Called Strike
1-1: Ground out 4-3 (Groundball, 34)
Batting: RHB Yoshitsune Kamida 0-0: Called Strike
0-1: Ball
1-1: Fly out, F3 (Popup, 23)
Batting: LHB Gonzalo Trujillo 0-0: Ball
1-0: Fly out, F7 (Line Drive, 8LS)
Top of the 2nd over - 0 run(s), 0 hit(s), 0 error(s), 0 left on base; Detroit 0 - Havana 0
BOTTOM OF THE 2ND
Havana Rollers batting - Pitching for Detroit X-Wings : RHP David Escobido
Batting: SHB Pepe Piña 0-0: Ball
1-0: Called Strike
1-1: Ball
2-1: Ball
3-1: Foul Ball, location: 2F
3-2: Strikes out swinging
Batting: RHB Jack Bailey 0-0: Called Strike
0-1: Ball
1-1: Ball
2-1: SINGLE (Groundball, 4MD)
Batting: LHB José Torres 0-0: Ball
1-0: Ball
2-0: Ball
3-0: Base on Balls
Jack Bailey to second
Batting: LHB Noriaki Oshima 0-0: Ball
Jack Bailey steals 3rd base
José Torres to second
1-0: Ball
2-0: Swinging Strike
Passed Ball!
Jack Bailey scores
José Torres to third
2-1: Ball
3-1: Foul Ball, location: 2F
3-2: Base on Balls
Batting: LHB Jimmy Husted 0-0: Ball
1-0: Foul Ball, location: 2F
1-1: Ball
2-1: Fielders Choice at 2nd, 3-6 (Groundball, 3)
José Torres scores
Batting: RHB Ed Sims 0-0: Called Strike
0-1: Ball
1-1: Ball
2-1: Called Strike
2-2: SINGLE (Flyball, 7S)
Jimmy Husted to second
Batting: LHB Enrique Cortéz 0-0: SINGLE (Line Drive, 8LS)
Jimmy Husted to third
Ed Sims to second
Runner from 3rd tries for Home, SAFE, no throw or cutoff
Batting: SHB Chris Bennis 0-0: Called Strike
0-1: 3-RUN HOME RUN (Line Drive, 9D), Distance : 389 ft
Batting: RHB Salvador Borbón 0-0: Ball
1-0: Ball
2-0: SINGLE (Line Drive, 6M)
Batting: SHB Pepe Piña 0-0: SINGLE (Line Drive, 4M)
Salvador Borbón to second
Batting: RHB Jack Bailey 0-0: Ball
1-0: Called Strike
1-1: Foul Ball, location: 2F
1-2: SINGLE (Line Drive, 78S)
Salvador Borbón to third
Pepe Piña to second
Batting: LHB José Torres 0-0: Ball
1-0: Ball
2-0: Called Strike
2-1: Ground out 1-3 (Groundball, 2L)
Bottom of the 2nd over - 6 run(s), 7 hit(s), 0 error(s), 3 left on base; Detroit 0 - Havana 6
TOP OF THE 3RD
Detroit X-Wings batting - Pitching for Havana Rollers : RHP Suezo Morimoto
Batting: LHB Ramón Sánchez 0-0: Ground out 6-3 (Groundball, 6)
Batting: RHB Gary Witt 0-0: Called Strike
0-1: Ball
1-1: Ball
2-1: Foul Ball, location: 2F
2-2: Foul Ball, location: 2F
2-2: Ball
3-2: Foul Ball, location: 2F
3-2: SINGLE (Groundball, 56D)
Batting: RHB Vincente Encarnación 0-0: Ball
1-0: Foul Ball, location: 2F
1-1: Swinging Strike
1-2: Ball
2-2: Strikes out swinging
Batting: SHB Jaime Montés 0-0: Ball
1-0: Swinging Strike
1-1: Foul Ball, location: 2F
1-2: Ball
2-2: Foul Ball, location: 2F
2-2: Strikes out looking
Top of the 3rd over - 0 run(s), 1 hit(s), 0 error(s), 1 left on base; Detroit 0 - Havana 6
BOTTOM OF THE 3RD
Havana Rollers batting - Pitching for Detroit X-Wings : RHP David Escobido
Batting: LHB Noriaki Oshima 0-0: Ball
1-0: Foul Ball, location: 2F
1-1: Foul Ball, location: 2F
1-2: SOLO HOME RUN (Flyball, 9D), Distance : 393 ft
Pitching: RHP Ralph Bascombe
Batting: LHB Jimmy Husted 0-0: Called Strike
0-1: Called Strike
0-2: Foul Ball, location: 2F
0-2: Ball
1-2: Ball
2-2: Foul Ball, location: 2F
2-2: Ball
3-2: Ground out 6-3 (Groundball, 56)
Batting: RHB Ed Sims 0-0: Ball
1-0: Ball
2-0: Ball
3-0: Called Strike
3-1: Called Strike
3-2: Ground out 6-3 (Groundball, 6)
Batting: LHB Enrique Cortéz 0-0: Called Strike
0-1: Fly out, F8 (Flyball, 8RD)
Bottom of the 3rd over - 1 run(s), 1 hit(s), 0 error(s), 0 left on base; Detroit 0 - Havana 7
TOP OF THE 4TH
Detroit X-Wings batting - Pitching for Havana Rollers : RHP Suezo Morimoto
Batting: SHB Felipe Detorres 0-0: Foul Ball, location: 2F
0-1: Foul Ball, location: 2F
0-2: Ball
1-2: Ground out 1-3 (Groundball, 13)
Batting: LHB Juan Jose Pineda 0-0: Ball
1-0: Ground out 4-3 (Groundball, 34)
Batting: SHB Javier Jiménez 0-0: Called Strike
0-1: Ball
1-1: Swinging Strike
1-2: Ground out 6-3 (Groundball, 6M)
Top of the 4th over - 0 run(s), 0 hit(s), 0 error(s), 0 left on base; Detroit 0 - Havana 7
BOTTOM OF THE 4TH
Havana Rollers batting - Pitching for Detroit X-Wings : RHP Ralph Bascombe
Batting: SHB Chris Bennis 0-0: Ball
1-0: Ball
2-0: SINGLE (Groundball, 4M)
Batting: RHB Salvador Borbón 0-0: Ball
1-0: Ball
2-0: Called Strike
2-1: Hit by Pitch
Chris Bennis to second
Batting: SHB Pepe Piña 0-0: Called Strike
0-1: Fly out, F8 (Flyball, 8RXD)
Runner from 2nd tags up, SAFE at 3rd, no throw
Batting: RHB Jack Bailey 0-0: Ball
1-0: Ball
2-0: Ball
3-0: Base on Balls
Salvador Borbón to second
Batting: LHB José Torres 0-0: SINGLE (Line Drive, 34D)
Chris Bennis scores
Salvador Borbón to third
Jack Bailey to second
Runner from 3rd tries for Home, SAFE, no throw or cutoff
Batting: LHB Noriaki Oshima 0-0: Ball
1-0: Hit by Pitch
Jack Bailey to third
José Torres to second
Pinch Runner at 1st Chad Case:
Batting: LHB Jimmy Husted 0-0: Ball
1-0: Ball
2-0: Ball
3-0: Called Strike
3-1: Base on Balls
Jack Bailey scores
José Torres to third
Chad Case to second
Pitching: RHP Carlos Díaz
Batting: RHB Ed Sims 0-0: Ball
1-0: Ball
2-0: Ball
3-0: Called Strike
3-1: Foul Ball, location: 2F
3-2: Foul Ball, location: 2F
3-2: Base on Balls
José Torres scores
Chad Case to third
Jimmy Husted to second
Batting: LHB Enrique Cortéz 0-0: Called Strike
0-1: Foul Ball, location: 2F
0-2: SINGLE (Groundball, 25) (infield hit)
Chad Case scores
Jimmy Husted to third
Ed Sims to second
Batting: SHB Chris Bennis 0-0: Fly out, F7 (Flyball, 78M)
Runner from 3rd tags up, SCORES, no throw
Batting: RHB Salvador Borbón 0-0: Ball
1-0: Ball
2-0: Ball
3-0: Called Strike
3-1: DOUBLE (Groundball, 5L)
Ed Sims scores
Enrique Cortéz to third
Runner from 3rd tries for Home, SAFE, no throw or cutoff
Batting: SHB Pepe Piña 0-0: Ground out 4-3 (Groundball, 4)
Bottom of the 4th over - 8 run(s), 4 hit(s), 0 error(s), 1 left on base; Detroit 0 - Havana 15
TOP OF THE 5TH
Detroit X-Wings batting - Pitching for Havana Rollers : RHP Suezo Morimoto
Now at 3B: Chad Case
Batting: RHB Yoshitsune Kamida 0-0: Ball
1-0: Swinging Strike
1-1: Ball
2-1: Ground out 6-3 (Groundball, 6M)
Batting: LHB Gonzalo Trujillo 0-0: Ball
1-0: Called Strike
1-1: Ground out 3-1 (Groundball, 34)
Batting: LHB Ramón Sánchez 0-0: Swinging Strike
0-1: Ball
1-1: Ground out 6-3 (Groundball, 6M)
Top of the 5th over - 0 run(s), 0 hit(s), 0 error(s), 0 left on base; Detroit 0 - Havana 15
BOTTOM OF THE 5TH
Havana Rollers batting - Pitching for Detroit X-Wings : RHP Carlos Díaz
Batting: RHB Jack Bailey 0-0: Called Strike
0-1: Ball
1-1: Foul Ball, location: 2F
1-2: Ball
2-2: SINGLE (Groundball, 5)
Batting: LHB José Torres 0-0: Called Strike
0-1: Ball
1-1: Ball
2-1: SINGLE (Line Drive, 4MD)
Jack Bailey to second
Batting: RHB Chad Case 0-0: Ball
1-0: SINGLE (Groundball, 56)
Jack Bailey to third
José Torres to second
Runner from 3rd tries for Home, throw and OUT!
José Torres to third
Chad Case to second
Batting: LHB Jimmy Husted 0-0: Ball
1-0: Fly out, F7 (Flyball, 7M)
Runner from 3rd tags up, SCORES, no throw
Batting: RHB Ed Sims 0-0: Ball
1-0: Ground out 6-3 (Groundball, 6M)
Bottom of the 5th over - 1 run(s), 3 hit(s), 0 error(s), 1 left on base; Detroit 0 - Havana 16
TOP OF THE 6TH
Detroit X-Wings batting - Pitching for Havana Rollers : RHP Suezo Morimoto
Pinch Hitting: RHB Rick Anderson 0-0: SINGLE (Groundball, 6M)
Batting: RHB Vincente Encarnación 0-0: Grounds into double play, 6-4-3 (Groundball, 6)
Batting: SHB Jaime Montés 0-0: Called Strike
0-1: Ball
1-1: Swinging Strike
1-2: Foul Ball, location: 2F
1-2: Ball
2-2: SINGLE (Groundball, 56)
Batting: SHB Felipe Detorres 0-0: Ground out 4-3 (Groundball, 34)
Top of the 6th over - 0 run(s), 2 hit(s), 0 error(s), 1 left on base; Detroit 0 - Havana 16
BOTTOM OF THE 6TH
Havana Rollers batting - Pitching for Detroit X-Wings : RHP Carlos Díaz
Now in LF: Jeremy Cox
Batting: LHB Enrique Cortéz 0-0: Ball
1-0: Ball
2-0: Ball
3-0: Base on Balls
Batting: SHB Chris Bennis 0-0: Ball
1-0: SINGLE (Groundball, 6MD) (infield hit)
Enrique Cortéz to second
Batting: RHB Salvador Borbón 0-0: Called Strike
0-1: Ball
1-1: Ball
2-1: Foul Ball, location: 2F
2-2: Ball
3-2: Base on Balls
Enrique Cortéz to third
Chris Bennis to second
Batting: SHB Pepe Piña 0-0: Ball
1-0: Called Strike
1-1: Ball
2-1: Fly out, F7 (Flyball, 7M)
Runner from 3rd tags up, SCORES, throw made
Pitching: RHP Sam MacIntyre
Batting: RHB Jack Bailey 0-0: Called Strike
0-1: Ball
1-1: Ball
Wild Pitch!
Chris Bennis to third
Salvador Borbón to second
2-1: Swinging Strike
2-2: Ball
3-2: Foul Ball, location: 2F
3-2: Ground out 6-3 (Groundball, 6M)
Chris Bennis scores
Salvador Borbón to third
Batting: LHB José Torres 0-0: SINGLE (Line Drive, 7S)
Salvador Borbón scores
Batting: RHB Chad Case 0-0: Called Strike
0-1: Ball
1-1: Ball
2-1: Foul Ball, location: 2F
2-2: Foul Ball, location: 2F
2-2: Ball
3-2: Strikes out swinging
Bottom of the 6th over - 3 run(s), 2 hit(s), 0 error(s), 1 left on base; Detroit 0 - Havana 19
TOP OF THE 7TH
Detroit X-Wings batting - Pitching for Havana Rollers : RHP Suezo Morimoto
Batting: LHB Juan Jose Pineda 0-0: Called Strike
0-1: Swinging Strike
0-2: Ball
1-2: Foul Ball, location: 2F
1-2: Ball
2-2: Strikes out swinging
Batting: SHB Javier Jiménez 0-0: Called Strike
0-1: Foul Ball, location: 2F
0-2: Strikes out looking
Batting: RHB Yoshitsune Kamida 0-0: Ball
1-0: Called Strike
1-1: Ball
2-1: Swinging Strike
2-2: Ball
3-2: Strikes out swinging
Top of the 7th over - 0 run(s), 0 hit(s), 0 error(s), 0 left on base; Detroit 0 - Havana 19
BOTTOM OF THE 7TH
Havana Rollers batting - Pitching for Detroit X-Wings : RHP Sam MacIntyre
Batting: LHB Jimmy Husted 0-0: Foul Ball, location: 2F
0-1: Ball
1-1: Swinging Strike
1-2: Foul Ball, location: 2F
1-2: Foul Ball, location: 2F
1-2: Strikes out looking
Batting: RHB Ed Sims 0-0: Called Strike
0-1: Foul Ball, location: 2F
0-2: Ground out 5-3 (Groundball, 56)
Batting: LHB Enrique Cortéz 0-0: Fly out, F7 (Flyball, 7S)
Bottom of the 7th over - 0 run(s), 0 hit(s), 0 error(s), 0 left on base; Detroit 0 - Havana 19
TOP OF THE 8TH
Detroit X-Wings batting - Pitching for Havana Rollers : RHP Suezo Morimoto
Batting: LHB Gonzalo Trujillo 0-0: Ball
1-0: Ball
2-0: Called Strike
2-1: Ball
3-1: Base on Balls
Batting: LHB Ramón Sánchez 0-0: Foul Ball, location: 2F
0-1: Ball
1-1: Ball
Wild Pitch!
Gonzalo Trujillo to second
2-1: Foul Ball, location: 2F
2-2: Fly out, F8 (Line Drive, 8RM)
Batting: LHB Jeremy Cox 0-0: Ball
1-0: Ball
2-0: Called Strike
2-1: Foul Ball, location: 2F
2-2: Fly out, F7 (Flyball, 7M)
Batting: RHB Vincente Encarnación 0-0: Called Strike
0-1: Ball
1-1: Ball
2-1: Fly out, F8 (Flyball, 8RM)
Top of the 8th over - 0 run(s), 0 hit(s), 0 error(s), 1 left on base; Detroit 0 - Havana 19
BOTTOM OF THE 8TH
Havana Rollers batting - Pitching for Detroit X-Wings : RHP Sam MacIntyre
Batting: SHB Chris Bennis 0-0: Swinging Strike
0-1: Foul Ball, location: 2F
0-2: Foul Ball, location: 2F
0-2: Foul Ball, location: 2F
0-2: Foul Ball, location: 2F
0-2: Ball
1-2: SINGLE (Groundball, 56D)
Batting: RHB Salvador Borbón 0-0: SINGLE (Groundball, 5D)
Chris Bennis to second
Batting: SHB Pepe Piña 0-0: Fly out, F2 (Popup, 23F)
Pitching: RHP Art Kelley
Pinch Hitting: RHB Paul Bailey 0-0: Called Strike
0-1: Called Strike
0-2: Strikes out looking
Batting: LHB José Torres 0-0: SINGLE (Line Drive, 8RS)
Chris Bennis to third
Salvador Borbón to second
Batting: RHB Chad Case 0-0: Ball
1-0: Foul Ball, location: 2F
1-1: Ball
2-1: Ball
3-1: Fly out, F8 (Flyball, 78D)
Bottom of the 8th over - 0 run(s), 3 hit(s), 0 error(s), 3 left on base; Detroit 0 - Havana 19
TOP OF THE 9TH
Detroit X-Wings batting - Pitching for Havana Rollers : RHP Suezo Morimoto
Now at 1B: Zhi-huan Loong
Now in LF: Paul Bailey
Batting: SHB Jaime Montés 0-0: Swinging Strike
0-1: Foul Ball, location: 2F
0-2: Strikes out swinging
Pitching: RHP Alejandro Pérez
Batting: SHB Felipe Detorres 0-0: Ground out 4-3 (Groundball, 4)
Batting: LHB Juan Jose Pineda 0-0: Called Strike
0-1: Fly out, F7 (Flyball, 7M)
Top of the 9th over - 0 run(s), 0 hit(s), 0 error(s), 0 left on base; Detroit 0 - Havana 19
Monday, December 5th, 2016 - OOTP Baseball 17.12 Build 75